 Dungeon Crawl Stone Soup version 0.28-a0-1412-gf95308ed99 (webtiles) character file.

Game seed: 15867286667234973899

34 flotson the Ducker (level 3, 0/28 HPs)
             Began as a Demonspawn Gladiator on Jan 6, 2022.
             Slain by a goblin (4 damage)
             ... led by Robin
             ... on level 2 of the Dungeon.
             The game lasted 00:01:09 (1014 turns).

flotson the Ducker (Demonspawn Gladiator)           Turns: 1014, Time: 00:01:10

Health: 0/28       AC:  5    Str: 16    XL:     3   Next: 14%
Magic:  3/3        EV: 12    Int:  9    God:
Gold:   18         SH:  0    Dex: 14    Spells: 2/2 levels left

rFire   . . .      SeeInvis .   a - +0 war axe
rCold   . . .      Faith    .   (no shield)
rNeg    . . .      Spirit   .   b - +0 leather armour
rPois   .          Reflect  .   c - +0 helmet
rElec   .          Harm     .   (no cloak)
rCorr   .          Rampage  .   (no gloves)
Will    .....                   g - +0 pair of boots
Stlth   +.........              (no amulet)
HPRegen 0.09/turn               (no ring)
MPRegen 0.08/turn               (no ring)

@: no status effects
A: foul stench 1, sturdy frame 1
a: no special abilities


You were on level 2 of the Dungeon.
You visited 1 branch of the dungeon, and saw 2 of its levels.

You collected 18 gold pieces.

Inventory:

Hand Weapons
 a - a +0 war axe (weapon)
Missiles
 d - 3 throwing nets (quivered)
Armour
 b - a +0 leather armour (worn)
 c - a +0 helmet (worn)
 g - a +0 pair of boots (worn)
Scrolls
 f - a scroll of teleportation {unknown}
Potions
 e - a potion of degeneration {unknown}


   Skills:
 + Level 2.4 Fighting
 + Level 3.0 Axes
 + Level 2.1 Throwing
 + Level 0.9 Armour
 + Level 3.0 Dodging


You had 2 spell levels left.
You didn't know any spells.
Your spell library was empty.

Dungeon Overview and Level Annotations

Branches:
Dungeon (2/15)

Altars:

Annotations:
D:2 Robin


Innate Abilities, Weirdness & Mutations

You may rarely emit foul miasma when damaged in melee.
Your movements are slightly less encumbered by armour. (ER -2)


Message History

The hobgoblin hits you but does no damage.
The goblin hits you with a +0 dagger.
You emit a cloud of foul miasma!
Unknown command.
The goblin is engulfed in dark miasma.
The goblin is poisoned.
You kill the goblin!
You slash the goblin!
You kill the goblin!
You hit the goblin but do no damage. The goblin barely misses you.
The goblin hits you but does no damage.
Unknown command.
You slash the goblin!
You kill the goblin!
Robin throws the goblin at you! The goblin hits you but does no damage.
Your Axes skill increases to level 3!
You barely miss the hobgoblin. You barely miss the goblin.
Robin's bangles clink loudly.
The goblin barely misses you. The hobgoblin barely misses you.
The goblin hits you but does no damage.
Unknown command.
You barely miss the hobgoblin. You hit the goblin.
The hobgoblin barely misses you.
Robin roars a battlecry!
The goblins go into a battle-frenzy!
The goblin hits you with a +0 club. The hobgoblin barely misses you.
Unknown command.
You are too injured to fight recklessly!
Unknown command.
You are too injured to fight recklessly!
Unknown command.
You barely miss the goblin.
The goblin is moderately wounded.
You hit the hobgoblin. The goblin hits you with a +0 club.
The hobgoblin hits you.
* * * LOW HITPOINT WARNING * * *
Unknown command.
You hit the goblin but do no damage.
The goblin is moderately wounded.
You closely miss the hobgoblin. The goblin hits you but does no damage.
The hobgoblin barely misses you. The goblin hits you with a +0 club.
You die...

##########
#...gg)gg#
....g..#g#
.....gg#g#
.....g.#g#
########@#
#g# #.#
#.# #†#
#.#####
#....<#
#######


You could see Robin, 4 hobgoblins and a goblin (strong).

Vanquished Creatures
  2 dart slugs (D:1)
  2 ball pythons (D:1)
  4 bats (D:1)
  An endoplasm (D:1)
  A giant cockroach (D:1)
  4 goblins (D:2)
  4 hobgoblins (D:1)
  2 jackals (D:2)
  2 kobolds (D:1)
  A quokka (D:1)
  2 frilled lizards (D:1)
  A rat (D:1)
26 creatures vanquished.

Notes
Turn   | Place    | Note
-------+----------+-------------------------------------------
     0 | D:1      | flotson the Demonspawn Gladiator began the quest for the
                  | Orb.
     0 | D:1      | Reached XP level 1. HP: 16/16 MP: 1/1
   157 | D:1      | Gained mutation: Your movements are slightly less
                  | encumbered by armour. (ER -2) [demonic ancestry]
   157 | D:1      | Reached XP level 2. HP: 22/22 MP: 2/2
   802 | D:1      | Found a faded altar of an unknown god.
   978 | D:2      | Gained mutation: You may rarely emit foul miasma when
                  | damaged in melee. [demonic ancestry]
   978 | D:2      | Reached XP level 3. HP: 26/28 MP: 3/3
  1000 | D:2      | Noticed Robin
  1014 | D:2      | Slain by a goblin

Illustrated notes

Levels and vault maps discovered:
D:1:      ncdulo_halloftheorcs, layout_loops_cross,
          shapermc_ecumenical_altar_acropolis, nrook_mini_backslash,
          nicolae_concentric_dashed_squares_mild
D:2:      layout_basic, uniq_robin

Skill      XL: |  1  2  3 |
---------------+----------+-----
Throwing       | 2 |  2.1
Dodging        | 3 |  3.0
Axes           | 3 |  3.0
Fighting       | |  2.4
Armour         | |  0.9

Action                   || total
-------------------------++-------
Melee: War axe           ||    79
       Punch             ||     1
 Stab: Sleeping          ||     1
Armor: Leather armour    ||    30
Dodge: Dodged            ||    81

Table legend: (Time is in decaauts)
 A = Elapsed time spent in this place.
 B = Non-inter-level travel time spent in this place.
 C = Inter-level travel time spent in this place.
 D = Time resting spent in this place.
 E = Time spent auto-exploring this place.
 F = Levels seen in this place.
 G = Mean time per level.
                   A        B        C        D        E       F      G
               +--------+--------+--------+--------+--------+-----+--------+
         Total |   1041 |   1014 |     27 |      0 |    817 |   2 |  520.5 |
       Dungeon |   1041 |   1014 |     27 |      0 |    817 |   2 |  520.5 |
               +--------+--------+--------+--------+--------+-----+--------+

Top non-repeatable levels by time:
     D:1: 991 daAuts
     D:2: 50 daAuts
